 Dungeon Crawl Stone Soup version 0.31-a0-700-gf13585253f (webtiles) character file.

Game seed: 6642160855150094424

85 qw the Shooter (level 4, -3/28 HPs)
             Began as a Gargoyle Hunter on Sept 7, 2023.
             Slain by a goblin
             ... wielding a +0 club
             ... led by Robin
              (4 damage)
             ... on level 3 of the Dungeon.
             The game lasted 00:00:33 (1547 turns).

qw the Shooter (Gargoyle Hunter)                    Turns: 1547, Time: 00:00:34

Health: -3/28      AC:  6    Str: 14    XL:     4   Next: 48%
Magic:  0/4        EV: 12    Int: 10    God:
Gold:   128        SH:  0    Dex: 21    Spells: 3/3 levels left

rFire   . . .        Y - +0 shortbow
rCold   . . .        (shield currently unavailable)
rNeg    + . .        c - +0 leather armour
rPois   inf          (no helmet)
rElec   +            (no cloak)
rCorr   .            (no gloves)
SInv    .            (no boots)
Will    .....        d - amulet of guardian spirit
Stlth   ++           g - +6 ring of dexterity
HPRegen 0.24/turn    (no ring)
MPRegen 0.09/turn

%: guardian spirit
@: no status effects
A: sickness immunity, AC +3, negative energy resistance 1, electricity
resistance, torment resistance 1, petrification resistance
a: no special abilities


You were on level 3 of the Dungeon.
You visited 1 branch of the dungeon, and saw 3 of its levels.

You collected 128 gold pieces.


Innate Abilities, Weirdness & Mutations

You are immune to sickness and miasma.
Your stone body is resilient. (AC +3)
You are immune to poison.
You resist negative energy. (rN+)
You are resistant to electric shocks. (rElec)
You are resistant to unholy torment.
You are immune to petrification.


   Skills:
 - Level 3.0 Fighting
 + Level 5.4 Ranged Weapons
 - Level 1.5 Dodging
 - Level 1.1 Stealth


You had 3 spell levels left.
You didn't know any spells.
Your spell library was empty.

Inventory:

Hand Weapons
 Y - a +0 shortbow (weapon)
Armour
 c - a +0 leather armour (worn)
Jewellery
 a - a +6 ring of intelligence
 d - an amulet of guardian spirit (around neck)
 g - a +6 ring of dexterity (left hand)
Potions
 e - 4 potions of brilliance {unknown}
 f - a potion of berserk rage {unknown}
 h - a potion of curing {unknown}
 i - a potion of might {unknown}
 j - a potion of lignification {unknown}

Dungeon Overview and Level Annotations

Branches:
Dungeon (3/15)

Altars:
Dithmenos

Annotations:
D:3 Robin


Message History

The hobgoblin barely misses you. The goblin hits you but does no damage.
You shoot an arrow. The arrow hits the hobgoblin.
You kill the hobgoblin!
The hobgoblin closely misses you. The goblin closely misses you.
The goblin hits you but does no damage. Robin throws the goblin at you!
You shoot an arrow. The arrow hits the goblin.
The goblin is severely wounded.
The goblin hits you with a +0 dagger. The goblin closely misses you. x2
The goblin misses you.
You shoot an arrow. The arrow hits the goblin.
You kill the goblin!
The hobgoblin barely misses you. The goblin barely misses you. x2
The goblin closely misses you. Robin throws the goblin at you!
You shoot an arrow. The arrow hits Robin.
Robin is lightly wounded.
The hobgoblin closely misses you. The goblin hits you but does no damage.
The goblin barely misses you. The goblin hits you with a +0 club.
Robin hits you with a +0 dagger of protection.
You shoot an arrow. The arrow hits Robin.
Robin is moderately wounded.
The hobgoblin hits you. The goblin hits you with a +0 dagger.
The goblin barely misses you.
The hobgoblin hits you but does no damage.
The goblin closely misses you.
Robin zaps a wand.
The puff of flame hits you! The goblin closely misses you.
The goblin completely misses you. Robin barely misses you.
The goblin hits you with a +0 dagger. The hobgoblin closely misses you. x2
You shoot an arrow. The arrow hits Robin.
Robin is heavily wounded.
The goblin no longer looks unusually strong.
The hobgoblin no longer looks unusually strong.
The goblin completely misses you. The hobgoblin misses you.
The hobgoblin closely misses you. The goblin barely misses you.
The goblin hits you with a +0 club. Robin hits you but does no damage.
You shoot an arrow.
The arrow hits Robin but does no damage.
Robin is heavily wounded.
The hobgoblin barely misses you. The goblin closely misses you.
The goblin hits you with a +0 club.
You die...

##############
#..%...#.....#
#.####.#.###.# #.#
#.#...#.# #.# #...%.#.#
# #####.# #.......#
#..###.....# #.#.#.#.#
#.....ggg.## #.#.#.#.#
..###.g@### #.#.#.#.#
#..gg.# #.#.#.#.#
........... #...#.<.#
########$###.#.........
.) +.......). ..=
#......... ..#
#......... ..#
#...#+#### #.#.


You could see Robin, 2 hobgoblins and 3 goblins.

Vanquished Creatures
  3 adders (D:2)
  A worm (D:3)
  2 dart slugs
  3 ball pythons (D:2)
  A bat (D:1)
  3 endoplasms
  10 goblins
  5 hobgoblins
  8 jackals (D:2)
  4 kobolds
  2 frilled lizards
  3 rats
45 creatures vanquished.

Notes
Turn   | Place    | Note
-------+----------+-------------------------------------------
     0 | D:1      | qw the Gargoyle Hunter began the quest for the Orb.
     0 | D:1      | Reached XP level 1. HP: 12/12 MP: 1/1
     0 | D:1      | 0 ||| qw: Version: 0.3-a-76-g4403597
     0 | D:1      | 0 ||| qw: Game counter: 444
     0 | D:1      | 0 ||| qw: Melee chars always use a shield: true
     0 | D:1      | 0 ||| qw: God list: Okawaru
     0 | D:1      | 0 ||| qw: Allow faded altars: false
     0 | D:1      | 0 ||| qw: Do Orc after clearing Dungeon:15 true
     0 | D:1      | 0 ||| qw: Do second Lair branch before Depths: true
     0 | D:1      | 0 ||| qw: Lair rune preference: random
     0 | D:1      | 0 ||| qw: Goals: Normal
     0 | D:1      | 0 ||| PLANNING D:1-11
    74 | D:1      | Reached XP level 2. HP: 17/17 MP: 2/2
   625 | D:1      | 625 ||| UPGRADING to amulet of guardian spirit.
   630 | D:1      | 630 ||| READING scroll labelled FIOWUA BEMUAT.
   631 | D:1      | 631 ||| READING scroll labelled XALIRA WAEZUSK.
   632 | D:1      | 632 ||| READING scroll labelled ANUPNI XYOTIGE.
   633 | D:1      | 633 ||| READING scroll labelled KEOGES YLAIRE.
   637 | D:1      | 637 ||| DROPPING scroll of butterflies.
   667 | D:2      | Found a shadowy altar of Dithmenos.
   758 | D:2      | Reached skill level 5 in Ranged Weapons
   758 | D:2      | Reached XP level 3. HP: 21/21 MP: 3/3
   929 | D:2      | Reached skill level 3 in Fighting
   962 | D:2      | Reached XP level 4. HP: 23/28 MP: 2/4
  1337 | D:2      | 1337 ||| UPGRADING to +6 ring of dexterity.
  1338 | D:2      | 1338 ||| READING scroll labelled OVACEPA XOFRYI.
  1439 | D:2      | 1439 ||| READING scroll labelled RIM RUAMATZEI.
  1440 | D:2      | 1440 ||| READING scroll labelled WOUKAAL WOUL.
  1534 | D:3      | Noticed Robin
  1545 | D:3      | HP: 5/28 [goblin/+0 dagger[Robin] (3)]
  1546 | D:3      | HP: 1/28 [goblin/+0 club[Robin] (5)]
  1547 | D:3      | Slain by a goblin

Levels and vault maps discovered:
D:1:      minmay_arrival_radiant_lines, layout_loops_ring
D:2:      layout_basic, basic_altar, kennysheep_big_empty_room,
          nicolae_figureground_sparkle
D:3:      layout_basic, guppyfry_early_orc_mine, uniq_natasha, uniq_robin

Skill      XL: |  1  2  3 |
---------------+----------+-----
Ranged Weapons | 5 |  5.4
Fighting       | 3 |  3.0
Dodging        | |  1.5
Stealth        | |  1.1

Action                     |  1- 3 |  4- 6 || total
---------------------------+-------+-------++-------
   Fire: Shortbow          |    91 |    39 ||   130
    Use: Scroll            |     4 |     3 ||     7
 Armour: Leather armour    |    30 |    24 ||    54
  Dodge: Dodged            |    13 |    37 ||    50

Table legend:
 A = Non-vault XP
 B = Vault XP
 C = Vault XP percentage of total XP
 D = Non-vault monster count
 E = Vault monster count
 F = Vault count percentage of total count
                 A         B        C        D         E       F
            +---------+---------+-------+---------+---------+-------
      Total |     112 |      10 |   8.2 |      40 |       5 |  11.1
            +---------+---------+-------+---------+---------+-------
        D:1 |      22 |       0 |   0.0 |      12 |       0 |   0.0
        D:2 |      84 |       0 |   0.0 |      26 |       0 |   0.0
        D:3 |       6 |      10 |  62.5 |       2 |       5 |  71.4
            +---------+---------+-------+---------+---------+-------
